 Dungeon Crawl Stone Soup version 0.26.0-16-gc1dbca0489 (webtiles) character file.

Game seed: 5953642939583123393

2483 runemasterragnar the Fighter (level 9, -4/86 HPs)
             Began as an Ogre Warper on Jan 20, 2021.
             Was an Elder of Okawaru.
             Slain by a killer bee (10 damage)
             ... on level 6 of the Dungeon.
             The game lasted 00:15:37 (7966 turns).

runemasterragnar the Fighter (Ogre Warper)          Turns: 7966, Time: 00:15:37

Health: -4/86      AC: 11    Str: 26    XL:     9   Next: 52%
Magic:  16/16      EV: 11    Int: 14    God:    Okawaru [****..]
Gold:   389        SH:  0    Dex:  8    Spells: 5/17 levels left

rFire    . . .     SeeInvis +   o - +0 war axe
rCold    . . .     Faith    +   (no shield)
rNeg     . . .     Spirit   .   b - +0 robe
rPois    .         Reflect  .   G - +2 hat
rElec    .         Harm     .   g - +1 cloak
rCorr    .         Rampage  .   (gloves unavailable)
Will     .....                  (boots unavailable)
Stlth    +.........             D - amulet of faith
HPRegen  0.24/turn              P - ring of see invisible
MPRegen  0.15/turn              p - +6 ring of strength

@: lethally poisoned (-4 -> -13), hasted, very quick
A: large, unfitting armour, icy blue scales 1, yellow scales 1, frail 1, tough
skin 1, subdued magic 1
a: Renounce Religion, Heroism


You were on level 6 of the Dungeon.
You worshipped Okawaru.
Okawaru was greatly pleased with you.
You visited 1 branch of the dungeon, and saw 7 of its levels.
You also visited: Sewer.

You collected 389 gold pieces.

Inventory:

Hand Weapons
 o - a +0 war axe (weapon)
 u - a +0 hunting sling
Missiles
 e - 2 boomerangs of dispersal
 i - 12 sling bullets
 r - a boomerang (quivered)
Armour
 b - a +0 robe (worn)
 g - a +1 cloak (worn)
 G - a +2 hat (worn)
Jewellery
 h - an uncursed amulet of regeneration
 p - a +6 ring of strength (right hand)
 y - an uncursed ring of willpower
 D - an amulet of faith (around neck)
 O - a +6 ring of intelligence
 P - a ring of see invisible (left hand)
Wands
 z - a wand of digging (1)
 I - a wand of flame (4)
Scrolls
 c - 6 scrolls of teleportation
 d - a scroll of blinking
 t - a scroll of fog
 v - 4 scrolls of remove curse
 E - a scroll of fear {unknown}
 F - a scroll of enchant armour {unknown}
Potions
 a - a potion of heal wounds
 m - a potion of mutation
 n - a potion of brilliance {unknown}
 s - 2 potions of magic
 w - 2 potions of flight
 A - a potion of attraction {unknown}
 B - a potion of degeneration {unknown}
 C - a potion of resistance {unknown}
 J - 2 potions of berserk rage {unknown}
 M - a potion of invisibility {unknown}
 N - 2 potions of might


   Skills:
 * Level 8.2 Fighting
 * Level 6.2 Axes
 * Level 5.2 Throwing
 + Level 4.2 Dodging
 + Level 4.9 Spellcasting
 + Level 4.5 Translocations
 + Level 3.2 Invocations


You had 5 spell levels left.
You knew the following spells:

 Your Spells              Type           Power        Failure   Level
a - Blink                 Tloc           N/A          3%          2
b - Teleport Other        Tloc           12%          7%          3
c - Gell's Gravitas       Tloc           6%           7%          3
d - Passage of Golubria   Tloc           N/A          22%         4

Your spell library contained the following spells:

 Spells                   Type           Power        Failure   Level
 Lesser Beckoning         Tloc           6%           7%          3


Dungeon Overview and Level Annotations

Branches:
Dungeon (7/15)              Sewer (visited)
 Temple: D:4-7

Altars:
Gozag
Makhleb
Nemelex Xobeh
Okawaru
Ru
Vehumet
Xom
Zin

Annotations:
D:3 1 runed translucent door, Crazy Yiuf
D:7 Harold


Innate Abilities, Weirdness & Mutations

You are too large for most types of armour.
You have tough skin. (AC +1)
You are partially covered in icy blue scales. (AC +2)
You are partially covered in yellow scales. (AC +2)
You are frail. (-10% HP)
Your spells are a little easier to cast, but a little less powerful.


Message History

Unknown command.
You closely miss the killer bee.
The killer bee is heavily wounded.
You feel sick.
The killer bee stings you but does no damage.
The killer bee barely misses you.
Unknown command.
Unknown command.
You miss the killer bee.
The killer bee is heavily wounded.
You feel sick. The killer bee stings you.
* * * LOW HITPOINT WARNING * * *
You are lethally poisoned!
The killer bee poisons you! The killer bee barely misses you.
Unknown command.
You barely miss the killer bee.
The killer bee is heavily wounded.
* * * LOW HITPOINT WARNING * * *
You feel sick. The killer bee stings you!
You die...

#.#######..#.##
#.....
#....##......# ###
##....
####.##.##.###
#.########....
#.#..##...#
#......#...###
#...#####.#
######...### #..##
#.# ######....##
#### #.#
##......##..#
#[###..########.##
#@[##.## #..#
##y...# ##.#
#..### #.. ###..#
##. ###....# #.
#...##.## #.
#...##..#### ##
#...###....##
#...# ####..###


You could see a killer bee.

Vanquished Creatures
  Pikel (D:4)
  Grinder (D:4)
  Eustachio (D:5)
  2 sky beasts
  A black bear (D:6)
  An ice beast (D:6)
  An ogre (D:6)
  A lemure (D:4)
  A big kobold (Sewer)
  Blork the orc (D:5)
  A scorpion (D:6)
  2 killer bees (D:6)
  A howler monkey (D:6)
  A bullfrog zombie (D:6)
  A hound (D:6)
  2 orc priests
  7 orc wizards
  A centaur skeleton (D:4)
  Ijyb (D:3)
  Natasha (thrice) (D:4)
  6 worker ants
  A hound zombie (D:5)
  A worker ant zombie (D:5)
  A gnoll (D:6)
  15 adders
  2 river rats (Sewer)
  A shadow imp (D:5)
  2 white imps
  An ooze (D:5)
  4 worms
  3 dart slugs
  4 leopard geckos
  19 orcs
  8 bats
  5 giant cockroaches
  11 goblins
  8 hobgoblins
  6 jackals
  5 quokkas
  3 ball pythons
  2 frilled lizards
  A jackal skeleton (D:2)
  12 kobolds
  A quokka skeleton (D:5)
  11 rats
164 creatures vanquished.

Vanquished Creatures (others)
  An orc wizard (D:4)
1 creature vanquished.

Grand Total: 165 creatures vanquished

Notes
Turn   | Place    | Note
-------+----------+-------------------------------------------
     0 | D:1      | runemasterragnar the Ogre Warper began the quest for the
                  | Orb.
     0 | D:1      | Reached XP level 1. HP: 22/22 MP: 3/3
    60 | D:1      | Reached skill level 3 in Fighting
    60 | D:1      | Reached XP level 2. HP: 30/31 MP: 3/5
   395 | D:1      | Reached XP level 3. HP: 13/37 MP: 6/6
  1065 | D:1      | You fall into a shaft and drop 1 floor!
  1256 | D:2      | Found a faded altar of an unknown god.
  1332 | D:2      | Reached XP level 4. HP: 35/48 MP: 8/8
  1529 | D:3      | Gained mutation: Your spells are a little easier to cast,
                  | but a little less powerful. [potion of mutation]
  1529 | D:3      | Gained mutation: You are partially covered in yellow
                  | scales. (AC +2) [potion of mutation]
  1529 | D:3      | Gained mutation: You are frail. (-10% HP) [potion of
                  | mutation]
  1529 | D:3      | Gained mutation: You are partially covered in icy blue
                  | scales. (AC +2) [potion of mutation]
  1531 | D:3      | Found an iron altar of Okawaru.
  1540 | D:3      | Became a worshipper of Warmaster Okawaru
  1861 | D:1      | Reached skill level 4 in Fighting
  2214 | D:2      | Reached XP level 5. HP: 27/49 MP: 9/9
  2301 | D:2      | Found a radiant altar of Vehumet.
  2702 | D:3      | Found a glowing silver altar of Zin.
  2797 | D:3      | Found an opulent altar of Gozag.
  2897 | D:3      | Noticed Ijyb
  2930 | D:3      | Killed Ijyb
  3024 | D:3      | Found a sparkling altar of Nemelex Xobeh.
  3085 | D:3      | Found a runed translucent door.
  3086 | D:3      | Noticed Crazy Yiuf
  3877 | D:4      | Reached XP level 6. HP: 58/58 MP: 10/10
  3910 | D:4      | Noticed Natasha
  3917 | D:4      | Killed Natasha
  3923 | D:4      | Noticed Natasha
  3931 | D:4      | Reached skill level 5 in Fighting
  3937 | D:4      | Killed Natasha
  3980 | D:4      | Found a glowing drain.
  3989 | Sewer    | Entered a sewer
  4441 | Sewer    | Reached XP level 7. HP: 63/64 MP: 12/12
  4649 | D:4      | Reached * piety under Okawaru
  4705 | D:4      | Learned a level 2 spell: Blink
  4709 | D:4      | Learned a level 3 spell: Teleport Other
  4713 | D:4      | Learned a level 3 spell: Gell's Gravitas
  4718 | D:4      | Learned a level 4 spell: Passage of Golubria
  4760 | D:4      | Noticed Grinder
  4768 | D:4      | Paralysed by Grinder for 6 turns
  4786 | D:4      | Killed Grinder
  4787 | D:4      | Reached skill level 6 in Fighting
  4787 | D:4      | Reached skill level 1 in Invocations
  4936 | D:4      | Noticed Natasha
  4948 | D:4      | Killed Natasha
  5138 | D:4      | Found a shimmering altar of Xom.
  5319 | D:4      | Noticed Pikel
  5342 | D:4      | Killed Pikel
  5342 | D:4      | Reached ** piety under Okawaru
  5343 | D:4      | Reached skill level 5 in Axes
  5343 | D:4      | Reached XP level 8. HP: 14/75 MP: 12/14
  5836 | D:5      | Entered Level 5 of the Dungeon
  5864 | D:4      | Reached skill level 7 in Fighting
  6119 | D:5      | Noticed Blork the orc
  6135 | D:5      | Killed Blork the orc
  6555 | D:5      | Found a sacrificial altar of Ru.
  6556 | D:5      | Found a burning altar of Makhleb.
  6709 | D:5      | Noticed Eustachio
  6717 | D:5      | Killed Eustachio
  6717 | D:5      | Reached *** piety under Okawaru
  6718 | D:5      | Reached XP level 9. HP: 82/83 MP: 15/15
  7395 | D:7      | Noticed Harold
  7441 | D:6      | Reached skill level 5 in Throwing
  7471 | D:6      | Reached skill level 8 in Fighting
  7955 | D:6      | Reached **** piety under Okawaru
  7966 | D:6      | Slain by a killer bee

Illustrated notes

Levels and vault maps discovered:
D:1:      mrwooster_arrival_arrow, layout_basic, st_stairs_1,
          minmay_misc_feat_alley, minmay_tetromino_o4
D:2:      kennysheep_six_static_rooms, layout_basic, fiery_altar_vehumet,
          chequers_ecumenical_altar_simple, serial_glass, glass_columns_b,
          glass_columns_b, glass_columns_a, glass_columns_b, st_stairs_11
D:3:      layout_loops_corners, pdpol_temple_overflow_zin_treasury_gozag_greed,
          nicolae_overflow_crystal_walls, okawaru_trees_1,
          kennysheep_generic_room_12, uniq_ijyb, uniq_crazy_yiuf_cottage
D:4:      layout_loops_ring, marbit_many_paths, portal_sewer_entry_d,
          uniq_pikel, uniq_grinder, uniq_natasha
D:5:      layout_loops_ring, gammafunk_temple_overflow_statue,
          serial_park_tiny_1, uniq_eustachio, uniq_blork_the_orc
D:6:      layout_rooms
D:7:      layout_basic, lightli_temple_of_fire, minmay_temple_entry_fiery,
          uniq_harold

Skill      XL: |  1  2  3  4  5  6  7  8  9 |
---------------+----------------------------+-----
Fighting       | 3 4 5 6 7 8 |  8.2
Translocations | 3 4 |  4.5
Axes           | 3 4 5 6 |  6.2
Spellcasting   | 3 4 |  4.9
Throwing       | 2 3 4 5 |  5.2
Dodging        | 3 4 |  4.2
Invocations    | 2 3 |  3.2

Action                   |  1- 3 |  4- 6 |  7- 9 || total
-------------------------+-------+-------+-------++-------
Melee: Hand axe          |   116 |     2 |       ||   118
       Spear             |    12 |       |       ||    12
       War axe           |       |   181 |   241 ||   422
       Unarmed           |       |    24 |       ||    24
 Fire: Hunting sling     |       |       |    35 ||    35
Throw: Boomerang         |       |    16 |    16 ||    32
Invok: Heroism           |       |       |     1 ||     1
Evoke: Wand              |       |       |     6 ||     6
  Use: Scroll            |     5 |     8 |     3 ||    16
       Potion            |       |     2 |     5 ||     7
 Stab: Sleeping          |       |     2 |       ||     2
Armor: Robe              |    71 |    60 |   146 ||   277
Dodge: Dodged            |    93 |   169 |   239 ||   501
